 Dungeon Crawl Stone Soup version 0.31.0-9-g3a7656b989 (webtiles) character file.

Game seed: 4183867519264779598

7291 Bnni the Slicer (level 11, -2/60 HPs)
             Began as a Vine Stalker Fighter on Jan 28, 2024.
             Killed from afar by an acid dragon (16 damage)
             ... with a splash of acid
             ... on level 10 of the Dungeon.
             The game lasted 00:20:16 (7918 turns).

Bnni the Slicer (Vine Stalker Fighter)              Turns: 7918, Time: 00:20:17

Health: -2/60      AC:  7    Str: 18    XL:     11   Next: 13%
Magic:  0/16       EV: 10    Int:  8    God:
Gold:   313        SH:  6    Dex: 20    Spells: 10/10 levels left

rFire   + . .        d - +1 rapier (drain)
rCold   + . .        c - +0 buckler
rNeg    . . .        x - +0 ring mail of the Kettle-Drum {Rampage rF+ rC+ Dex-5}
rPois   .            q - +2 hat
rElec   .            E - +2 cloak
rCorr   .            g - +0 pair of gloves
SInv    .            (no boots)
Will    +....        (no amulet)
Stlth   ++++         v - +6 ring of dexterity
HPRegen 1.10/turn    (no ring)
MPRegen 0.15/turn

%: guardian spirit, rampage
@: corroded
A: fangs 3, regeneration 1, magic shield, antimagic bite, no potion heal 2
a: no special abilities


You were on level 10 of the Dungeon.
You visited 2 branches of the dungeon, and saw 11 of its levels.
You also visited: Bailey.

You collected 463 gold pieces.
You spent 150 gold pieces at shops.

Inventory:

Hand Weapons
 d - a +1 rapier of draining (weapon)
 k - a +0 vampiric short sword
 t - a +0 dagger of protection
 y - a +1 short sword of venom
Missiles
 F - 6 poisoned darts (quivered)
Armour
 c - a +0 buckler (worn)
 g - a +0 pair of gloves (worn)
 q - a +2 hat (worn)
 x - the +0 ring mail of the Kettle-Drum (worn) {Rampage rF+ rC+ Dex-5}
   (You found it on level 5 of the Dungeon)

   Dex-5:     It affects your dexterity (-5).
   rF+:       It protects you from fire.
   rC+:       It protects you from cold.
   Rampage:   It bestows one free step when moving towards enemies.
 E - a +2 cloak (worn)
Jewellery
 a - a ring of fire
 v - a +6 ring of dexterity (left hand)
Wands
 w - a wand of flame (24)
 B - a wand of digging (7)
 G - a wand of charming (4)
 H - a wand of iceblast (9)
 I - a wand of polymorph (10)
Scrolls
 e - 3 scrolls of revelation
 f - 4 scrolls of enchant weapon {unknown}
 h - 2 scrolls of poison {unknown}
 i - a scroll of silence
 j - a scroll of immolation {unknown}
 l - 8 scrolls of teleportation {unknown}
 m - a scroll of fear
 n - 4 scrolls of noise
 r - a scroll of enchant armour
 u - 3 scrolls of blinking
 z - a scroll of fog {unknown}
 C - a scroll of torment
Potions
 o - 3 potions of brilliance
 p - a potion of mutation
 s - 3 potions of heal wounds
 A - 2 potions of curing
 D - 3 potions of haste


   Skills:
 + Level 8.2 Fighting
 - Level 10.0 Short Blades
 - Level 2.4 Armour
 + Level 8.7 Stealth
 - Level 4.0 Shields
 + Level 6.5 Invocations


You had 10 spell levels left.
You didn't know any spells.
Your spell library contained the following spells:

 Spells                   Type           Power      Damage    Failure   Level
 Static Discharge         Conj/Air       0%         3-3/arc   82%         2
 Fugue of the Fallen      Necr           0%         N/A       96%         3
 Ozocubu's Armour         Ice            0%         N/A       96%         3
 Airstrike                Air            0%         2d(0-16)  100%        4
 Anguish                  Hex/Necr       0%         N/A       100%        4
 Cause Fear               Hex            0%         N/A       100%        4
 Ignite Poison            Fire/Alch      0%         N/A       100%        4
 Leda's Liquefaction      Alch/Erth      0%         N/A       100%        4
 Manifold Assault         Tloc           0%         N/A       100%        4
 Sticky Flame             Fire/Alch      0%         2d4       100%        4
 Summon Lightning Spire   Summ/Air       0%         N/A       100%        4
 Iskenderun's Battlesphe  Conj           0%         2d6       100%        5
 Lee's Rapid Deconstruct  Erth           0%         3d4*      100%        5
 Bombard                  Conj/Erth      0%         9d1       100%        6
 Enfeeble                 Hex            0%         N/A       100%        7
 Spellforged Servitor     Conj/Summ      0%         N/A       100%        7
 Ignition                 Fire           0%         3d3       100%        8


Dungeon Overview and Level Annotations

Branches:
Dungeon (10/15)            Temple (1/1) D:6          Bailey (visited)
   Lair: D:8-11         Orc: D:9-12

Altars:
Dithmenos
Elyvilon
Fedhas
Gozag
Hepliaklqana
Kikubaaqudgha
Makhleb
Nemelex Xobeh
Okawaru
Qazlal
Ru
Sif Muna
Trog
Vehumet
Xom
Yredelemnul
Zin
The Shining One

Shops:
D:2 ?   D:3 ?

Annotations:
D:9 1 runed translucent door, HourglassMan's ghost, novice MiFi


Innate Abilities, Weirdness & Mutations

You have razor-sharp teeth.
Your natural rate of healing is unusually fast.
When hurt, damage is shared between your health and your magic reserves.
Your bite disrupts and absorbs the magic of your enemies.
Potions cannot restore your health.


Message History

You bite the acid dragon, but do no damage.
The acid dragon is heavily wounded.
The vampire mosquito bites you.
The vampire mosquito draws strength from your injuries!
The acid dragon bites you but does no damage.
You block the acid dragon's attack.
The vampire mosquito closely misses you.
You barely miss the acid dragon.
The acid dragon is heavily wounded.
The acid dragon bites you.
* * * LOW HITPOINT WARNING * * *
The acid dragon claws you but does no damage.
You block the vampire mosquito's attack.
You hit the acid dragon. Your bite misses the acid dragon.
The acid dragon is severely wounded.
The vampire mosquito bites you but does no damage.
The acid dragon spits acid at you. The splash of acid misses you.
Unknown command.
You barely miss the acid dragon. You bite the acid dragon. You drain its power.
You feel invigorated.
The acid dragon is severely wounded.
The vampire mosquito barely misses you.
The vampire mosquito closely misses you.
Unknown command.
You barely miss the acid dragon.
The acid dragon is severely wounded.
The acid dragon bites you but does no damage.
The acid dragon claws you but does no damage.
The vampire mosquito bites you but does no damage.
Unknown command.
You hit the acid dragon but do no damage.
Your bite misses the acid dragon.
The acid dragon is severely wounded.
The vampire mosquito bites you!
* * * LOW HITPOINT WARNING * * *
The vampire mosquito draws strength from your injuries!
The acid dragon spits acid at you. The splash of acid hits you!!
You die...

#################
................###
..........#####...#
........########''######
........#~~~~~~~..~~~~~~
........#~..............
....<...#~.♣..♣....♣..♣.
........#~/.....@.......
##+###..#~.....Dy.......
#....#..#~.♣..♣....♣..♣.
#....#..#~..............
#....#..+...............
#....#..+.......!/......
'....#..#~..............
######..# .♣..♣....♣..♣.
.......


You could see an acid dragon (catching breath, drained) and a vampire mosquito.

Vanquished Creatures
  Snorg (D:10)
  2 two-headed ogres
  A troll (D:8)
  A vampire (D:7)
  5 spriggans (Bailey)
  3 yaks (D:9)
  Edmund (D:5)
  An acid dragon (Bailey)
  2 orc warriors
  5 ice beasts
  3 sky beasts
  A black bear (D:6)
  4 ogres (Bailey)
  3 centaurs
  A bullfrog (D:9)
  2 kobold brigands
  3 scorpions
  8 wights
  5 killer bees (D:8)
  3 howler monkeys
  3 hounds
  4 orc priests
  A jelly (D:5)
  Crazy Yiuf (D:7)
  4 iguanas
  2 sleepcaps
  Ijyb (D:5)
  5 orc wizards
  3 gnolls (D:1)
  7 adders
  A shadow imp (D:8)
  A white imp (D:5)
  6 ufetubi
  3 ribbon worms
  5 dart slugs
  37 orcs
  6 ball pythons
  2 endoplasms
  A giant cockroach (D:1)
  10 hobgoblins
  8 jackals
  7 quokkas
  5 bats
  6 frilled lizards
  8 goblins
  16 kobolds
  3 rats (D:1)
211 creatures vanquished.

Vanquished Creatures (collateral kills)
  A yak (D:9)
1 creature vanquished.

Grand Total: 212 creatures vanquished

Notes
Turn   | Place    | Note
-------+----------+-------------------------------------------
     0 | D:1      | Bnni the Vine Stalker Fighter began the quest for the Orb.
     0 | D:1      | Reached XP level 1. HP: 11/11 MP: 2/2
    82 | D:1      | Reached skill level 2 in Short Blades
   129 | D:1      | Reached XP level 2. HP: 15/16 MP: 1/3
   813 | D:1      | Reached XP level 3. HP: 18/20 MP: 1/4
   897 | D:2      | Reached XP level 4. HP: 24/24 MP: 5/5
   987 | D:2      | Found The Oracle's Delphic Readings.
  1287 | D:2      | Reached skill level 3 in Short Blades
  1496 | D:2      | Reached XP level 5. HP: 28/28 MP: 6/6
  2032 | D:3      | Found Faxo's Magic Scroll Boutique.
  2046 | D:3      | Bought a scroll of identify for 24 gold pieces
  2084 | D:3      | Found a radiant altar of Vehumet.
  2258 | D:4      | Found a shadowy altar of Dithmenos.
  2258 | D:4      | Found a shimmering altar of Xom.
  2259 | D:4      | Found a white marble altar of Elyvilon.
  2294 | D:4      | Reached skill level 4 in Short Blades
  2294 | D:4      | Reached XP level 6. HP: 17/33 MP: 4/7
  2417 | D:4      | Found a shimmering blue altar of Sif Muna.
  2990 | D:2      | Bought a scroll of blinking for 82 gold pieces
  2990 | D:2      | Bought a scroll of fear for 44 gold pieces
  3052 | D:5      | Entered Level 5 of the Dungeon
  3078 | D:5      | Reached XP level 7. HP: 37/37 MP: 8/8
  3080 | D:5      | Reached skill level 5 in Short Blades
  3164 | D:5      | Noticed Ijyb
  3208 | D:5      | Killed Ijyb
  3279 | D:5      | Identified the +0 ring mail of the Kettle-Drum {Rampage rF+
                  | rC+ Dex-5}
  3390 | D:5      | Noticed Edmund
  3394 | D:5      | Noticed an angel
  3395 | D:5      | Found a glowing silver altar of Zin.
  3410 | D:5      | Reached skill level 5 in Fighting
  3410 | D:5      | Reached skill level 6 in Short Blades
  3471 | D:5      | Killed Edmund
  3472 | D:5      | Gained mutation: You have razor-sharp teeth. [Vine Stalker
                  | growth]
  3472 | D:5      | Reached XP level 8. HP: 40/43 MP: 7/9
  3813 | D:6      | Reached skill level 1 in Stealth
  3874 | D:6      | Found a staircase to the Ecumenical Temple.
  3881 | Temple   | Entered the Ecumenical Temple
  3991 | D:6      | Reached skill level 7 in Short Blades
  3991 | D:6      | Reached skill level 1 in Invocations
  4597 | D:7      | Found an iron altar of Okawaru.
  4646 | D:7      | Found a sparkling altar of Nemelex Xobeh.
  4734 | D:7      | Reached XP level 9. HP: 41/48 MP: 9/11
  5506 | D:7      | Found a runed translucent door.
  5507 | D:7      | Noticed Crazy Yiuf
  5633 | D:7      | Killed Crazy Yiuf
  5643 | D:7      | Identified the +7 hammer "Eviscerator" {pain, rPois Str+5}
  5700 | D:8      | Reached skill level 8 in Short Blades
  6044 | D:8      | Reached skill level 5 in Stealth
  6139 | D:8      | Found an ancient bone altar of Kikubaaqudgha.
  6401 | D:9      | Reached skill level 9 in Short Blades
  6417 | D:9      | Reached XP level 10. HP: 31/53 MP: 9/14
  6432 | D:9      | Found a flagged portal.
  6462 | Bailey   | Entered a bailey
  6765 | Bailey   | Noticed a two-headed ogre
  6818 | Bailey   | Killed a two-headed ogre
  6819 | Bailey   | Reached skill level 5 in Invocations
  7191 | D:9      | Found a runed translucent door.
  7194 | D:9      | Noticed HourglassMan's ghost (novice MiFi)
  7195 | D:9      | Identified the +9 spear "Jellyslayer" {elec, Int+8 Dex+2}
  7211 | D:9      | Reached skill level 10 in Short Blades
  7497 | D:9      | Noticed a two-headed ogre
  7505 | D:9      | Killed a two-headed ogre
  7506 | D:9      | Reached XP level 11. HP: 52/60 MP: 13/16
  7682 | D:10     | Entered Level 10 of the Dungeon
  7700 | D:10     | Noticed Snorg
  7721 | D:10     | HP: 2/59 [Snorg (9)]
  7722 | D:10     | Killed Snorg
  7918 | D:10     | Killed from afar by an acid dragon

Illustrated notes

Levels and vault maps discovered:
D:1:      elethiomel_arrival_infinity_welcomes_careful_drivers, layout_basic,
          nicolae_titane
D:2:      layout_loops_corners, nicolae_nh_oracle_at_delphi
D:3:      layout_rooms, mainiacjoe_overflow_surrounded_room, serial_shops,
          shop_scrolls
D:4:      layout_loops_cross, amcnicky_altar_gilded, grunt_temple_overflow_open,
          nicolae_underground_beach
D:5:      layout_cave_pools, zin_angel, minmay_starry_boxes, uniq_ijyb,
          uniq_edmund
D:6:      layout_basic, minmay_temple_entry_statues_pillars
D:7:      layout_basic, mainiacjoe_overflow_concentric_impassable,
          okawaru_trees_1, serial_corexii_hall, corexii_hall_statues_t,
          corexii_hall_statues_t, chequers_serial_rivers_micro_e, minivault_19,
          uniq_crazy_yiuf_cottage
D:8:      layout_basic, kiku_gazebo_pond_becter
D:9:      layout_long_grid, ebering_ghost_funeral_grove, enter_bailey_5
D:10:     layout_irregular_city, overflow_temple_1_default,
          gammafunk_temple_overflow_wave, mainiacjoe_overflow_alcove_1,
          serial_shops, nicolae_shop_tiny_statue_garden, minivault_16,
          roderic_batcave, grunt_decor_mini_mirrors, kennysheep_dice,
          uniq_snorg, uniq_erica
Temple:   hellmonk_temple_forest_ring

Skill      XL: |  1  2  3  4  5  6  7  8  9 10 11 |
---------------+----------------------------------+-----
Short Blades   | 2 3 4 6 7 9 10 | 10.0
Shields        | 3 4 |  4.0
Fighting       | 3 4 5 6 7 8 |  8.2
Stealth        | 3 5 8 |  8.7
Invocations    | 2 4 6 |  6.5
Armour         | |  2.4

Action                     |  1- 3 |  4- 6 |  7- 9 | 10-12 || total
---------------------------+-------+-------+-------+-------++-------
  Melee: Rapier            |    74 |    69 |       |    12 ||   155
         Bite              |    21 |    78 |   236 |   107 ||   442
         Short sword       |       |   184 |   447 |   254 ||   885
         Dagger            |       |       |   134 |    36 ||   170
  Throw: Throwing net      |       |       |     2 |       ||     2
  Evoke: Wand              |       |       |     9 |    10 ||    19
    Use: Scroll            |       |     3 |     3 |     8 ||    14
         Potion            |       |       |       |     1 ||     1
   Stab: Held in net/web   |       |       |     1 |       ||     1
         Sleeping          |       |       |       |     1 ||     1
 Armour: Scale mail        |    28 |       |       |       ||    28
         Chain mail        |    30 |   141 |    65 |       ||   236
         Ring mail         |       |       |   303 |   206 ||   509
  Dodge: Dodged            |    27 |    60 |   146 |   111 ||   344
  Block: Buckler           |    11 |    49 |   108 |    85 ||   253
